 Dungeon Crawl Stone Soup version 0.31.0-12-g77e489cdc1 (webtiles) character file.

Game seed: 18200734583796457197

895 Silvore the Chopper (level 7, -1/61 HPs)
             Began as a Minotaur Fighter on Feb 22, 2024.
             Slain by a burial acolyte
             ... wielding a +0 dagger
              (3 damage)
             ... in an ossuary.
             The game lasted 00:05:12 (3619 turns).

Silvore the Chopper (Minotaur Fighter)              Turns: 3619, Time: 00:05:13

Health: -1/61      AC:  7    Str: 22    XL:     7   Next: 78%
Magic:  6/6        EV: 10    Int:  5    God:
Gold:   274        SH:  4    Dex: 10    Spells: 6/6 levels left

rFire   . . .        a - +1 war axe
rCold   + . .        c - +0 buckler
rNeg    . . .        b - +0 scale mail
rPois   .            (helmet restricted)
rElec   .            (no cloak)
rCorr   .            (no gloves)
SInv    .            (no boots)
Will    .....        (no amulet) Stlth
                     l - ring of protection from cold
HPRegen 0.30/turn    (no ring)
MPRegen 0.10/turn

%: no passive effects
@: mighty
A: horns 2, retaliatory headbutt
a: no special abilities


You were in an ossuary.
You visited 1 branch of the dungeon, and saw 5 of its levels.
You also visited: Sewer and Ossuary.

You collected 274 gold pieces.

Inventory:

Hand Weapons
 a - a +1 war axe (weapon)
Missiles
 m - a throwing net (quivered)
Armour
 b - a +0 scale mail (worn)
 c - a +0 buckler (worn)
Jewellery
 l - a ring of protection from cold (left hand)
 s - a ring of magical power
Scrolls
 f - 2 scrolls of fear
 h - 2 scrolls of immolation
 o - a scroll of teleportation
 p - a scroll of poison {unknown}
 v - a scroll of vulnerability
 w - a scroll of brand weapon {unknown}
Potions
 d - a potion of degeneration {unknown}
 e - a potion of mutation
 g - a potion of lignification {unknown}
 i - 2 potions of attraction
 j - 3 potions of curing
 k - a potion of enlightenment {unknown}
 n - a potion of berserk rage {unknown}
 q - a potion of heal wounds {unknown}
 r - 2 potions of brilliance {unknown}
 t - a potion of invisibility {unknown}
 u - a potion of might


   Skills:
 + Level 5.6 Fighting
 + Level 7.5 Axes
 + Level 6.1 Armour
 + Level 2.1 Dodging
 + Level 0.5 Stealth
 + Level 4.8 Shields


You had 6 spell levels left.
You didn't know any spells.
Your spell library was empty.

Dungeon Overview and Level Annotations

Branches:
Dungeon (5/15)              Sewer (visited)         Ossuary (1/1)
 Temple: D:4-7

Altars:
Hepliaklqana
Uskayaw


Innate Abilities, Weirdness & Mutations

You have a pair of horns on your head.
You reflexively headbutt those who attack you in melee.


Message History

The wight misses you. You furiously retaliate!
You headbutt the wight.
Things that are here:
a +3 spear of freezing; a +0 robe You hit the wight.
You destroy the wight!
You closely miss the burial acolyte.
The burial acolyte hits you with a +0 dagger.
* * * LOW HITPOINT WARNING * * *
You block the burial acolyte's attack.
Your life force feels restored.
You hit the burial acolyte. You headbutt the burial acolyte.
The burial acolyte is moderately wounded.
The burial acolyte closely misses you. You furiously retaliate!
You headbutt the burial acolyte! You barely miss the burial acolyte.
Your headbutt misses the burial acolyte.
The burial acolyte is severely wounded.
The burial acolyte hits you but does no damage.
You hit the burial acolyte.
The burial acolyte is almost dead.
The burial acolyte utters a dark prayer and points at you.
Your life force is offered up.
* * * LOW HITPOINT WARNING * * *
The burial acolyte is healed.
You hit the burial acolyte.
Your headbutt misses the burial acolyte.
The burial acolyte is almost dead.
The burial acolyte hits you with a +0 dagger.
* * * LOW HITPOINT WARNING * * *
Unknown command.
You completely miss the burial acolyte.
Your headbutt misses the burial acolyte.
The burial acolyte is almost dead.
The burial acolyte utters a dark prayer and points at you.
Your life force is offered up.
* * * LOW HITPOINT WARNING * * *
The burial acolyte is healed.
The burial acolyte barely misses you.
You feel very mighty all of a sudden.
The burial acolyte hits you with a +0 dagger.
You die...

###########################
#.........................#
#.∩.....................∩.#
#.......###########.......#
#......##. ....##......#
#.....##...#####...##.....#
#....## ..##...##...##....#
#....# ##.?.?)##...#....#
#....# #..!_.@.'...'....#
#....# ##...!p##...#....#
#....## ..##...##...##....#
#.....##...#####...##.....#
#......##. ....##......#
#.......###########.......#
#.∩.....................∩.#
#.........................#
############'''############


You could see a burial acolyte.

Vanquished Creatures
  The ghost of Zeo the Shooter, an amateur BaHu (D:4)
  An ice beast (D:5)
  An ogre (D:4)
  2 wights (Ossuary)
  A jelly (D:5)
  An orc wizard (D:4)
  A hell rat (Sewer)
  A hound zombie (D:5)
  A mummy (Ossuary)
  Robin (D:4)
  4 gnolls (D:2)
  7 adders
  4 river rats (Sewer)
  4 dart slugs
  5 orcs
  13 ball pythons
  7 bats
  7 endoplasms
  5 giant cockroaches
  19 goblins
  14 hobgoblins
  9 jackals
  5 kobolds
  5 quokkas
  7 frilled lizards
  8 gnoll skeletons (Ossuary)
  6 kobold skeletons (Ossuary)
  6 orc skeletons (Ossuary)
  16 rats
162 creatures vanquished.

Notes
Turn   | Place    | Note
-------+----------+-------------------------------------------
     0 | D:1      | Silvore the Minotaur Fighter began the quest for the Orb.
     0 | D:1      | Reached XP level 1. HP: 19/19 MP: 0/0
   107 | D:1      | Reached XP level 2. HP: 27/27 MP: 1/1
   207 | D:1      | Found a faded altar of an unknown god.
   299 | D:1      | Reached XP level 3. HP: 33/33 MP: 2/2
   925 | D:2      | Reached skill level 3 in Axes
   953 | D:2      | Reached XP level 4. HP: 41/41 MP: 3/3
  1353 | D:2      | Reached skill level 4 in Axes
  1353 | D:2      | Reached XP level 5. HP: 47/47 MP: 4/4
  1859 | D:3      | Noticed a +0 dagger
  1867 | D:3      | Noticed a +0 falchion
  1868 | D:3      | Noticed a +0 spear
  1868 | D:3      | Noticed a +0 short sword
  1869 | D:3      | Noticed a +0 short sword
  1869 | D:3      | Noticed a +0 dagger
  1870 | D:3      | Noticed a +0 falchion
  1870 | D:3      | Noticed a +0 spear
  1886 | D:3      | Found a hide-covered altar of Uskayaw.
  2319 | D:4      | Found a runed translucent door.
  2329 | D:4      | Noticed Zeo's ghost (amateur BaHu)
  2347 | D:4      | Killed Zeo's ghost
  2348 | D:4      | Reached skill level 5 in Fighting
  2348 | D:4      | Reached skill level 5 in Axes
  2348 | D:4      | Reached skill level 5 in Armour
  2348 | D:4      | Reached skill level 1 in Dodging
  2348 | D:4      | Reached XP level 6. HP: 16/56 MP: 5/5
  2709 | D:4      | Noticed Robin
  2725 | D:4      | Killed Robin
  2726 | D:4      | Reached XP level 7. HP: 44/61 MP: 6/6
  2885 | D:4      | Reached skill level 6 in Axes
  3221 | D:4      | Found a hazy altar of Hepliaklqana.
  3339 | D:5      | Entered Level 5 of the Dungeon
  3352 | D:5      | Found a glowing drain.
  3366 | Sewer    | Entered a sewer
  3466 | D:5      | Found a sand-covered staircase.
  3476 | D:5      | Reached skill level 7 in Axes
  3487 | Ossuary  | Entered an ossuary
  3606 | Ossuary  | Found an ancient bone altar of Kikubaaqudgha.
  3618 | Ossuary  | HP: 2/61 [burial acolyte/a malign offering (8)]
  3619 | Ossuary  | Slain by a burial acolyte

Illustrated notes

Levels and vault maps discovered:
D:1:      dpeg_arrival_round_c, layout_basic, hellmonk_ecumenical_altar_run_dry
D:2:      wad_woods_settlement, layout_basic, serial_bayou_pond_d
D:3:      layout_rooms, nicolae_uskayaw_en_pointe
D:4:      layout_cave_pools, nzn_hepliaklqana_mist_gate,
          ebering_ghost_reflecting_pool, uniq_robin
D:5:      layout_loops_cross, cheibrodos_sewer_entry_sluice,
          gammafunk_ghost_abyssal_escape,
          mainiacjoe_ossuary_entry_find_the_door, minmay_stone_trees_medium
Ossuary:  ossuary_due_mausoleum

Skill      XL: |  1  2  3  4  5  6  7 |
---------------+----------------------+-----
Shields        | 4 |  4.8
Fighting       | 4 5 |  5.6
Armour         | 4 5 6 |  6.1
Axes           | 3 4 5 7 |  7.5
Dodging        | 1 2 |  2.1
Stealth        | |  0.5

Action                     |  1- 3 |  4- 6 |  7- 9 || total
---------------------------+-------+-------+-------++-------
  Melee: War axe           |    70 |   135 |    74 ||   279
         Headbutt          |    11 |    17 |    11 ||    39
    Use: Scroll            |     1 |     7 |     2 ||    10
         Potion            |       |     1 |     1 ||     2
 Armour: Scale mail        |    45 |   111 |    80 ||   236
  Dodge: Dodged            |    38 |    70 |    52 ||   160
  Block: Buckler           |    17 |    36 |    21 ||    74
